 Dungeon Crawl Stone Soup version 0.18.1-50-g88ac8fd (webtiles) character file.

92141 Vatticson the Bludgeoner (level 16, -22/141 HPs)
             Began as a Hill Orc Berserker on Oct 10, 2016.
             Was the Champion of Trog.
             Killed from afar by a deep elf knight (29 damage)
             ... with a stone arrow
             ... on level 2 of the Elven Halls on Oct 12, 2016.
             The game lasted 03:35:11 (26220 turns).

Vatticson the Bludgeoner (Hill Orc Berserker)      Turns: 26220, Time: 03:35:11

Health: -22/141    AC: 35    Str: 30    XL:     16   Next: 5%
Magic:  16/16      EV:  9    Int:  7    God:    Trog [******]
Gold:   37         SH:  0    Dex: 13    Spells: 0 memorised, 15 levels left

rFire  + . .     SeeInvis .     S - +6 dire flail (drain)
rCold  . . .     Gourm    .     o - +2 plate armour
rNeg   . . .     Faith    .     (shield currently unavailable)
rPois  .         Spirit   .     C - +2 helmet
rElec  .         Dismiss  .     H - +2 cloak
rCorr  .         Reflect  .     n - +1 pair of gloves
SustAt .         Harm     .     E - +2 pair of boots
MR     +++..                    w - amulet "Saicruon" {+Rage rF+ Str+2}
Stlth  ..........               c - +4 ring of strength
                                m - +4 ring of protection

@: regenerating, invisible, extremely resistant to hostile enchantments,
extremely unstealthy
A: frail 1
a: Berserk, Trog's Hand, Brothers in Arms, Burn Spellbooks, Renounce Religion,
Evoke Berserk Rage


You were on level 2 of the Elven Halls.
You worshipped Trog.
Trog was exalted by your worship.
You were hungry.

You visited 4 branches of the dungeon, and saw 20 of its levels.

You collected 1760 gold pieces.
You spent 1723 gold pieces at shops.

Inventory:

Hand Weapons
 d - a +1 shortbow of flaming
 u - a +1 antimagic dire flail
 D - a +2 war axe of flaming
 M - a +1 battleaxe of freezing
 P - the +7 longbow "Onavon" {flame, rF+ rC+}
   (Trog gifted it to you on level 12 of the Dungeon)

   It causes projectiles fired from it to burn those they strike, causing extra
   injury to most foes and up to half again as much damage against particularly
   susceptible opponents.
   It protects you from fire.
   It protects you from cold.
 Q - a +4 shortbow of freezing
 S - a +6 dire flail of draining (weapon)
Missiles
 x - 578 arrows
 J - 2 throwing nets (quivered)
Armour
 j - a +0 large shield
 n - a +1 pair of gloves (worn)
 o - a +2 plate armour (worn)
 z - a +2 leather armour of cold resistance
 C - a +2 helmet (worn)
 E - a +2 pair of boots (worn)
 H - a +2 cloak (worn)
Jewellery
 c - a +4 ring of strength (right hand)
 m - a +4 ring of protection (left hand)
 w - the amulet "Saicruon" (around neck) {+Rage rF+ Str+2}
   (You found it on level 14 of the Dungeon)

   [amulet of rage]

   It affects your strength (+2).
   It protects you from fire.
   It lets you go berserk.
 T - an uncursed amulet of the gourmand
 Y - an uncursed ring of sustain attributes
Wands
 a - a wand of digging (7/24)
 q - a wand of iceblast (2/15)
 v - a wand of lightning (12/15)
 y - a wand of confusion (33/48)
 A - a wand of confusion (24/48)
 F - a wand of flame (10/48)
 I - a wand of slowing (19/48)
 N - a wand of acid (2/15)
 O - a wand of flame (30/48)
Scrolls
 p - 10 scrolls of remove curse
 r - 2 scrolls of fog
 s - a scroll of teleportation
 B - a scroll of identify
 G - 2 scrolls of recharging
 Z - a scroll of fear
Potions
 e - 2 potions of ambrosia
 f - 3 potions of cure mutation
 g - a potion of agility
 h - a potion of haste
 t - 4 potions of curing
 L - 5 potions of flight
 R - 2 potions of might
 U - a potion of lignification
Books
 V - a book of Misfortune

   Spells                             Type                      Level
   a - Confusing Touch                Hexes                        2
   b - Confuse                        Hexes                        3
   c - Gell's Gravitas                Hexes/Translocation          3
   d - Petrify                        Transmutation/Earth          4
   e - Metabolic Englaciation         Hexes/Ice                    5
   f - Yara's Violent Unravelling     Hexes/Transmutation          5
   Trog disapproves of the use of such an item.
Miscellaneous
 b - a lamp of fire
Comestibles
 k - 7 beef jerkies
 l - 8 meat rations
 K - a bread ration
 W - a fruit


   Skills:
 * Level 18.2 Fighting
 + Level 18.4 Maces & Flails
 - Level 7.3 Bows
 + Level 13.5 Armour
 - Level 2.5 Dodging


You had 15 spell levels left.
You didn't know any spells.

Dungeon Overview and Level Annotations

Branches:
Dungeon (15/15)            Temple (0/1) D:6            Lair (0/8) D:8
    Orc (2/2) D:10            Elf (2/3) Orc:2        Vaults (0/5) D:14
 Depths (1/5) D:15

Altars:
Fedhas
Gozag
Kikubaaqudgha
Makhleb
Okawaru
Pakellas
Qazlal
Ru
Sif Muna
Yredelemnul
Zin
Beogh

Shops:
D:8 [   D:9 (   Orc:2 =:*!   Elf:2 !?%

Annotations:
D:3 exclusion: door
Elf:2 Louise


Innate Abilities, Weirdness & Mutations

You are frail (-10% HP).


Message History

The deep elf knight points at you and mumbles some strange words.
The orb of energy hits you!
The orb of energy explodes!
You closely miss the deep elf knight.
The deep elf knight is heavily wounded.
The deep elf knight hits you with a short sword!
Louise hits you but does no damage.
You are electrocuted!
The deep elf knight gestures at you while chanting.
The stone arrow hits you!
* * * LOW HITPOINT WARNING * * *
Drink which item? (? for menu, Esc to quit)
Okay, then.
Read which item? (? for menu, Esc to quit)
Okay, then.
Drink which item? (? for menu, Esc to quit)
Okay, then.
Drink which item? (? for menu, Esc to quit)
You fade into invisibility!
The deep elf knight gestures at you while chanting.
The stone arrow hits you!
You die...

#.)..>#
##.....#
##...).##
#.......
#.......#
##....###
##.......##
#<...##
#.........#
##...#
##.......##
#...#
#.......#
##..#
##@....##
#..#
#.@...'##
####
###e##..##
#†##.#.##
#)##.##.##
##'##8###.##
#.....# ##.#
#.......#
##+
#......∩..#
#.........#


You could see Louise and a deep elf knight.

Vanquished Creatures
  A tengu reaver (D:14)
  The ghost of theElss the Bludgeoner, an adept GrBe of Trog (Orc:2)
  A fire giant (D:15)
  An orc warlord (Orc:2)
  A deep elf annihilator (Elf:1)
  2 hydras
  A death knight (D:15)
  The ghost of varam the Thaumaturge, a journeyman GrEE of Vehumet (D:11)
  9 dancing weapons
  6 centaur warriors
  A death yak (D:8)
  8 orc high priests
  4 deep elf knights
  5 skeletal warriors
  6 deep elf archers (Elf:1)
  2 unseen horrors
  5 hill giants
  A wizard (D:14)
  7 orc knights
  A phantasmal warrior (D:15)
  25 deep elf magi
  19 ugly things
  A griffon (D:11)
  3 orc sorcerers
  4 cyclopes
  A manticore (D:11)
  An elephant (D:8)
  Joseph (D:7)
  2 gargoyles
  7 kobold demonologists
  A komodo dragon (D:15)
  2 freezing wraiths
  A wolf spider simulacrum (D:14)
  12 trolls
  A merfolk (D:9)
  9 slime creatures
  3 two-headed ogres
  A polar bear (shapeshifter) (Elf:2)
  2 air elementals (Elf:1)
  A centaur simulacrum (D:15)
  A wraith (D:13)
  A tarantella (shapeshifter) (D:14)
  A spriggan (shapeshifter) (D:13)
  4 wyverns
  7 yaks
  3 shadows
  3 hippogriffs
  A basilisk (D:13)
  5 vampire mosquitoes
  A hungry ghost (D:11)
  2 fire elementals (Elf:1)
  A mottled dragon (D:15)
  7 wargs
  A water moccasin (D:8)
  60 orc warriors
  An eye of draining (shapeshifter) (D:15)
  An ice beast (D:15)
  2 sky beasts
  A wasp (D:13)
  3 phantoms
  16 ogres
  15 centaurs
  2 crocodiles (D:15)
  6 big kobolds
  A gnoll sergeant (D:8)
  14 giant frogs
  3 earth elementals (Elf:1)
  6 scorpions
  7 jellies
  6 howler monkeys
  7 wights
  5 electric eels (D:10)
  7 crimson imps
  4 lava snakes (D:10)
  3 centaur zombies
  A quasit (D:12)
  2 giant frog zombies (D:13)
  7 hounds
  39 orc priests
  6 centaur skeletons
  2 giant frog skeletons
  A gnoll shaman (D:6)
  3 iguanas
  25 orc wizards
  7 worker ants
  2 sheep (D:8)
  A hound zombie (D:11)
  2 hound skeletons
  16 gnolls
  A howler monkey skeleton (D:7)
  16 adders
  A shadow imp (D:14)
  An ooze (D:2)
  An adder skeleton (D:9)
  An adder zombie (D:7)
  A worm (D:3)
  2 dart slugs (D:1)
  5 giant geckos
  171 orcs
  3 ball pythons
  17 bats
  5 giant cockroaches
  8 goblins
  9 hobgoblins
  7 jackals
  37 kobolds
  7 quokkas
  2 giant gecko skeletons
  A giant gecko zombie (D:6)
  7 giant newts
  8 rats
794 creatures vanquished.

Vanquished Creatures (collateral kills)
  Erolcha (Orc:1)
  An iron troll (D:14)
  A shadow wraith (D:14)
  A centaur zombie (D:12)
  A two-headed ogre (D:12)
  A hungry ghost (D:12)
  2 wargs (Orc:1)
  5 orc warriors
  An ice beast (D:12)
  A giant frog (D:14)
  2 howler monkeys (D:14)
  3 orc priests (Orc:1)
  A giant frog skeleton (D:12)
  An orc wizard (Orc:1)
  8 orcs (Orc:1)
30 creatures vanquished.

Vanquished Creatures (others)
  A water elemental (Elf:1)
  A jelly (D:6)
  A lightning spire (D:3)
  An orc (D:11)
  27 fungi
31 creatures vanquished.

Grand Total: 855 creatures vanquished

Notes
Turn   | Place    | Note
--------------------------------------------------------------
     0 | D:1      | Vatticson the Hill Orc Berserker began the quest for the Orb.
     0 | D:1      | Reached XP level 1. HP: 19/19 MP: 1/1
    99 | D:1      | Reached XP level 2. HP: 27/27 MP: 2/2
   258 | D:1      | Reached XP level 3. HP: 33/33 MP: 3/3
   310 | D:1      | Reached ** piety under Trog
  1055 | D:2      | Reached skill level 5 in Maces & Flails
  1055 | D:2      | Reached XP level 4. HP: 36/40 MP: 4/4
  1597 | D:3      | Reached XP level 5. HP: 45/46 MP: 5/5
  1681 | D:3      | Reached *** piety under Trog
  2432 | D:3      | Found an oddly glowing altar of Pakellas.
  2433 | D:3      | Noticed a deep elf annihilator
  2492 | D:3      | Reached XP level 6. HP: 52/52 MP: 6/6
  3815 | D:4      | Reached XP level 7. HP: 42/58 MP: 7/7
  3924 | D:5      | Entered Level 5 of the Dungeon
  4135 | D:5      | Reached **** piety under Trog
  4185 | D:5      | Reached skill level 10 in Maces & Flails
  4185 | D:5      | Reached XP level 8. HP: 63/66 MP: 8/8
  5145 | D:6      | Found a basalt altar of Yredelemnul.
  5482 | D:6      | Found a staircase to the Ecumenical Temple.
  5775 | D:7      | Noticed Joseph
  5793 | D:7      | Killed Joseph
  5793 | D:7      | Reached XP level 9. HP: 55/71 MP: 9/9
  5799 | D:7      | Reached ***** piety under Trog
  5939 | D:7      | Found an iron altar of Okawaru.
  6058 | D:7      | Found a blossoming altar of Fedhas.
  6496 | D:8      | Noticed an elephant
  6499 | D:8      | Noticed a death yak
  6519 | D:8      | Killed an elephant
  6533 | D:8      | Killed a death yak
  6533 | D:8      | Reached skill level 5 in Fighting
  6533 | D:8      | Reached XP level 10. HP: 56/81 MP: 10/10
  6579 | D:8      | Received a gift from Trog
  6950 | D:8      | Found a staircase to the Lair.
  7278 | D:8      | Found a deep blue altar of Sif Muna.
  7279 | D:8      | Found a glowing silver altar of Zin.
  7279 | D:8      | Found a sacrificial altar of Ru.
  7283 | D:8      | Reached skill level 5 in Armour
  7293 | D:8      | Found an ancient bone altar of Kikubaaqudgha.
  7311 | D:8      | Found Hastrukiw's Armour Shoppe.
  7321 | D:8      | Bought a +1 pair of gloves for 172 gold pieces
  7344 | D:8      | You fall through a shaft!
  7982 | D:9      | Found Zyuwoch's Antique Weapon Shoppe.
  8109 | D:9      | Reached skill level 1 in Bows
  8368 | D:10     | Entered Level 10 of the Dungeon
  8773 | D:10     | Found a staircase to the Orcish Mines.
  9710 | D:10     | Reached XP level 11. HP: 85/95 MP: 11/11
 10177 | D:11     | Noticed varam's ghost (journeyman GrEE)
 10220 | D:11     | Killed varam's ghost
 10411 | D:11     | Reached skill level 15 in Maces & Flails
 10519 | D:11     | Noticed a white ugly thing
 10529 | D:11     | Killed a white ugly thing
 10573 | D:11     | Noticed a griffon
 10573 | D:11     | Noticed a manticore
 10594 | D:11     | Killed a griffon
 10599 | D:11     | Noticed a purple ugly thing
 10606 | D:11     | Noticed a red ugly thing
 10608 | D:11     | Noticed a hill giant
 10619 | D:11     | Killed a purple ugly thing
 10627 | D:11     | Killed a manticore
 10627 | D:11     | Reached skill level 5 in Bows
 10632 | D:11     | Killed a red ugly thing
 10638 | D:11     | Killed a hill giant
 10640 | D:11     | Noticed a purple ugly thing
 10642 | D:11     | Reached skill level 10 in Fighting
 10657 | D:11     | Killed a purple ugly thing
 10659 | D:11     | Reached ****** piety under Trog
 11075 | D:11     | Noticed a six-headed hydra
 11092 | D:11     | Killed a six-headed hydra
 11108 | D:11     | Reached XP level 12. HP: 59/107 MP: 12/12
 11455 | D:11     | Received a gift from Trog
 12249 | D:12     | Noticed a tengu reaver
 12634 | D:12     | Found a roughly hewn altar of Beogh.
 12669 | D:12     | Received a gift from Trog
 12938 | D:12     | Got a smoking longbow {god gift}
 12940 | D:12     | Identified the +7 longbow "Onavon" {flame, rF+ rC+} (Trog gifted it to you on level 12 of the Dungeon)
 13512 | D:13     | Noticed a centaur warrior
 13519 | D:13     | Killed a centaur warrior
 13568 | D:13     | Noticed a centaur warrior
 13573 | D:13     | Killed a centaur warrior
 13673 | D:13     | Noticed a six-headed hydra
 13681 | D:13     | Killed a six-headed hydra
 13685 | D:13     | Reached XP level 13. HP: 82/118 MP: 13/13
 14110 | D:13     | Found an opulent altar of Gozag.
 15266 | D:14     | Reached skill level 10 in Armour
 15357 | D:14     | Got a scorched ruby amulet
 15358 | D:14     | Identified the amulet "Saicruon" {+Rage rF+ Str+2} (You found it on level 14 of the Dungeon)
 15435 | D:14     | Received a gift from Trog
 16021 | D:14     | Killed a tengu reaver
 16585 | D:14     | Found a gate to the Vaults.
 16637 | D:15     | Entered Level 15 of the Dungeon
 16897 | D:15     | Reached XP level 14. HP: 107/132 MP: 14/14
 17735 | D:15     | Reached skill level 15 in Fighting
 17825 | D:15     | Noticed a fire giant
 17833 | D:15     | Killed a fire giant
 17927 | D:15     | Found a staircase to the Depths.
 18150 | D:15     | Found a stormy altar of Qazlal.
 18229 | D:15     | Found a burning altar of Makhleb.
 18229 | D:15     | Noticed a balrug
 18279 | Depths:1 | Entered Level 1 of the Depths
 18279 | Depths:1 | Noticed a fire giant
 18399 | Orc:1    | Entered Level 1 of the Orcish Mines
 18399 | Orc:1    | Noticed Erolcha
 18410 | Orc:1    | Received a gift from Trog
 18419 | Orc:1    | Killed Erolcha
 19128 | Orc:1    | Found a burning altar of Makhleb.
 19268 | Orc:2    | Entered Level 2 of the Orcish Mines
 19300 | Orc:2    | Noticed theElss's ghost (adept GrBe)
 19344 | Orc:2    | Killed theElss's ghost
 19700 | Orc:2    | Received a gift from Trog
 20037 | Orc:2    | Found Jauth's Distillery.
 20054 | Orc:2    | Bought a potion of lignification for 45 gold pieces
 20054 | Orc:2    | Bought a potion of heal wounds for 75 gold pieces
 20054 | Orc:2    | Bought a potion of curing for 45 gold pieces
 20054 | Orc:2    | Bought a potion of curing for 45 gold pieces
 20060 | Orc:2    | Found Xill's Assorted Antiques.
 20083 | Orc:2    | Bought a scroll of blinking for 172 gold pieces
 20083 | Orc:2    | Bought a twisted bone ring for 115 gold pieces
 20083 | Orc:2    | Bought a blackened silver ring for 115 gold pieces
 20183 | Orc:2    | Found a roughly hewn altar of Beogh.
 21119 | Orc:2    | Reached XP level 15. HP: 121/144 MP: 15/15
 21571 | Orc:2    | Received a gift from Trog
 21577 | Orc:2    | Noticed an orc warlord
 21599 | Orc:2    | Killed an orc warlord
 21836 | Orc:2    | Found a roughly hewn altar of Beogh.
 21848 | Orc:2    | Gained mutation: You are frail (-10% HP). [a neqoxec]
 22066 | Orc:2    | Found Mecsud's Book Shop.
 22506 | Orc:2    | Received a gift from Trog
 22906 | Orc:2    | Found Tek Elez's Jewellery Emporium.
 23101 | Orc:2    | Found a staircase to the Elven Halls.
 23165 | Orc:2    | Bought a +4 ring of strength for 324 gold pieces
 23230 | Elf:1    | Entered Level 1 of the Elven Halls
 23324 | Orc:2    | Bought a book of Misfortune for 320 gold pieces
 23954 | Elf:1    | Received a gift from Trog
 24469 | Elf:1    | Got a pitted scale mail
 26004 | Elf:2    | Found Luoma's Distillery.
 26011 | Elf:2    | Bought a potion of might for 64 gold pieces
 26011 | Elf:2    | Bought a potion of agility for 64 gold pieces
 26011 | Elf:2    | Bought 2 potions of curing for 96 gold pieces
 26092 | Elf:2    | Found Bofod's Food Emporium.
 26095 | Elf:2    | Bought a bread ration for 55 gold pieces
 26095 | Elf:2    | Bought a beef jerky for 16 gold pieces
 26139 | Elf:2    | Reached XP level 16. HP: 141/141 MP: 16/16
 26161 | Elf:2    | Found Miseutre's Magic Scroll Emporium.
 26184 | Elf:2    | Noticed Louise
 26219 | Elf:2    | HP: 6/141 [deep elf knight/stone arrow (41)]
 26220 | Elf:2    | Killed from afar by a deep elf knight

Skill      XL: |  1  2  3  4  5  6  7  8  9 10 11 12 13 14 15 |
---------------+----------------------------------------------+-----
Maces & Flails | 4 5 7 8 10 12 14 15 16 17 18 | 18.4
Fighting       | 5 8 10 12 14 16 18 | 18.2
Armour         | 3 5 8 10 12 13 | 13.5
Bows           | 2 6 7 |  7.3
Dodging        | 2 |  2.5

Action                   |  1- 3 |  4- 6 |  7- 9 | 10-12 | 13-15 | 16-18 || total
-------------------------+-------+-------+-------+-------+-------+-------++-------
Melee: Mace              |    84 |   239 |   301 |    22 |       |       ||   646
       Dire flail        |       |       |       |   579 |   874 |    36 ||  1489
       Longbow           |       |       |       |       |     1 |       ||     1
 Fire: Shortbow          |       |       |       |    73 |    37 |       ||   110
       Longbow           |       |       |       |    18 |   512 |       ||   530
Throw: Stone             |       |    10 |     2 |    10 |     4 |       ||    26
Invok: Berserk           |       |       |     1 |     2 |       |       ||     3
       Trog's Hand       |       |       |       |     1 |     4 |     1 ||     6
       Burn Spellbooks   |       |       |       |     1 |       |       ||     1
       Brothers in Arms  |       |       |       |     1 |     3 |       ||     4
 Abil: Evoke Berserk Rag |       |       |       |       |     2 |       ||     2
Evoke: Wand              |       |       |     3 |    12 |    16 |       ||    31
  Use: Potion            |     4 |     2 |       |     7 |     7 |     2 ||    22
       Scroll            |     4 |     8 |     4 |    16 |    11 |       ||    43
 Stab: Sleeping          |     1 |       |       |       |       |       ||     1
       Distracted        |       |       |       |     1 |       |       ||     1
       Confused          |       |       |       |     1 |       |       ||     1
  Eat: Pizza             |       |     1 |       |     1 |     1 |       ||     3
       Fruit             |       |     2 |       |       |     5 |       ||     7
       Bread ration      |       |     2 |     2 |     5 |     6 |       ||    15
       Royal jelly       |       |       |       |     1 |       |       ||     1
       Beef jerky        |       |       |       |       |     1 |       ||     1
       Meat ration       |       |       |       |       |     2 |       ||     2
Armor: Animal skin       |     1 |       |       |       |       |       ||     1
       Ring mail         |    32 |       |       |       |       |       ||    32
       Plate armour      |       |   131 |   179 |   371 |   572 |    20 ||  1273
Dodge: Dodged            |    28 |     9 |    13 |   134 |   276 |    13 ||   473
Block: Large shield      |    35 |   130 |   148 |    29 |       |       ||   342
